 Dungeon Crawl Stone Soup version 0.18.1-8-gdd0e5ea (webtiles) character file.

93 Gargoyl the Skirmisher (level 4, 0/37 HPs)
             Began as a Demonspawn Abyssal Knight on June 3, 2016.
             Was a Believer of Lugonu.
             Slain by a crimson imp (4 damage)
             ... summoned by Natasha
             ... on level 3 of the Dungeon.
             The game lasted 00:03:31 (2112 turns).

Gargoyl the Skirmisher (Demonspawn Abyssal Knight)  Turns: 2112, Time: 00:03:32

Health: 0/37       AC:  0    Str: 14    XL:     4   Next: 36%
Magic:  6/6        EV: 14    Int: 13    God:    Lugonu [**....]
Gold:   107        SH:  0    Dex: 12    Spells: 0 memorised, 3 levels left

rFire  . . .     SeeInvis .     (weapon currently unavailable)
rCold  . . .     Gourm    .     (armour currently unavailable)
rNeg   . . .     Faith    .     (shield currently unavailable)
rPois  .         Spirit   .     (helmet currently unavailable)
rElec  .         Dismiss  .     (cloak currently unavailable)
rCorr  .         Reflect  .     (gloves currently unavailable)
SustAt .         Harm     .     (boots currently unavailable)
MR     .....                    (no amulet)
Stlth  +.........               (ring currently unavailable)
                                (ring currently unavailable)

@: pig-form (expiring), very quick, not resistant to hostile enchantments, very
unstealthy
A: powered by pain 1
a: Depart the Abyss, Bend Space, Renounce Religion


You were on level 3 of the Dungeon.
You worshipped Lugonu.
Lugonu was pleased with you.
You were not hungry.
You were a filthy swine.
You visited 1 branch of the dungeon, and saw 3 of its levels.
You visited the Abyss 1 time.

You collected 107 gold pieces.

Inventory:

Hand Weapons
 a - a +1 hand axe (melded)
Missiles
 x - 4 tomahawks (quivered)
Armour
 l - a +0 cloak (melded)
 s - a +0 plate armour (melded)
Jewellery
 n - a ring of sustain attributes (melded)
 p - a ring of flight (melded)
Scrolls
 f - 2 scrolls of identify {unknown}
 g - a scroll of immolation {unknown}
 h - a scroll of noise {unknown}
 i - a scroll of remove curse {unknown}
 j - a scroll of amnesia {unknown}
 m - 2 scrolls of enchant armour {unknown}
 u - 2 scrolls of teleportation {unknown}
 w - a scroll of enchant weapon {unknown}
Potions
 b - 2 potions of heal wounds {unknown}
 d - 2 potions of ambrosia {unknown}
 e - a potion of degeneration {unknown}
 k - a potion of agility {unknown}
 t - a potion of invisibility {unknown}
 v - a potion of haste {unknown}
Comestibles
 c - 2 bread rations
 o - 2 fruits
 q - a beef jerky
 r - 3 meat rations


   Skills:
 + Level 3.7 Fighting
 + Level 2.6 Axes
 + Level 2.2 Armour
 + Level 1.7 Dodging
 + Level 0.2 Stealth
 + Level 2.8 Invocations


You had 3 spell levels left.
You didn't know any spells.

Dungeon Overview and Level Annotations

Branches:
Dungeon (3/15)

Altars:
Fedhas

Annotations:
D:3 Natasha


Innate Abilities, Weirdness & Mutations

You sometimes gain a little power by taking damage.


Message History

You hit Natasha.
Natasha is heavily wounded.
Natasha barely misses you. The crimson imp completely misses you.
You closely miss Natasha.
Natasha is heavily wounded.
Natasha claws you.
The crimson imp picks up a beetle and eats it.
The crimson imp closely misses you.
You completely miss Natasha.
Natasha is heavily wounded.
Natasha claws you! The crimson imp hits you.
You hit Natasha but do no damage.
Natasha is heavily wounded.
Natasha claws you!
* * * LOW HITPOINT WARNING * * *
The crimson imp barely misses you.
You hit Natasha.
Natasha is severely wounded.
Natasha closely misses you. The crimson imp hits you.
You die...

.......#........
#..###.#.......
.......#.....#
...#.#.#.....#### .
....[..#.....#.. ..
#..#.........#.##+###...
.....#.......#.#........
##...#.#.##....#5.......
#...#.#..)...?.hh......
#<..#....#...##########
....#....#...#
###..#....#...#
(..#....##### ........%
####.... +.....


You could see Natasha and a crimson imp.

Vanquished Creatures
  Natasha (D:3)
  An adder (D:2)
  An ooze (D:2)
  2 dart slugs
  2 giant geckos (D:1)
  4 bats
  3 giant cockroaches (D:1)
  8 hobgoblins
  3 jackals (D:1)
  12 giant newts (D:2)
  4 goblins
  6 kobolds
  4 rats
51 creatures vanquished.

Notes
Turn   | Place    | Note
--------------------------------------------------------------
     0 | Abyss:1  | Gargoyl the Demonspawn Abyssal Knight began the quest for the Orb.
     0 | Abyss:1  | Reached XP level 1. HP: 18/18 MP: 2/2
     7 | Abyss:1  | Found an oddly glowing altar of Pakellas.
    93 | Abyss:1  | Noticed a wretched star
    93 | D:1      | Escaped the Abyss
   333 | D:1      | Reached * piety under Lugonu
   350 | D:1      | Gained mutation: You sometimes gain a little power by taking damage. [demonic ancestry]
   350 | D:1      | Reached XP level 2. HP: 24/24 MP: 3/3
   651 | D:1      | Reached skill level 1 in Dodging
   946 | D:1      | Reached XP level 3. HP: 29/29 MP: 5/5
  1558 | D:2      | Reached ** piety under Lugonu
  1733 | D:2      | Found a blossoming altar of Fedhas.
  1977 | D:3      | Noticed Natasha
  1985 | D:3      | Killed Natasha
  1985 | D:3      | Reached XP level 4. HP: 28/37 MP: 6/6
  2096 | D:3      | Noticed Natasha
  2112 | D:3      | Slain by a crimson imp

Skill      XL: |  1  2  3 |
---------------+----------+-----
Axes           | 2 |  2.6
Dodging        | 1 |  1.7
Armour         | 2 |  2.2
Fighting       | |  3.7
Stealth        | |  0.2
Invocations    | |  2.8

Action                   |  1- 3 |  4- 6 || total
-------------------------+-------+-------++-------
Melee: Hand axe          |   150 |     5 ||   155
       Unarmed           |       |    13 ||    13
Invok: Depart the Abyss  |     1 |       ||     1
  Eat: Chunk             |     4 |       ||     4
Armor: Ring mail         |    69 |       ||    69
       Plate armour      |     7 |     2 ||     9
Dodge: Dodged            |    92 |    11 ||   103
